 Dungeon Crawl Stone Soup version 0.31-a0-329-g52107efa6a (webtiles) character file.

Game seed: 11872709474308781709

622 AdnanSaban the Cudgeller (level 7, -4/44 HPs)
             Began as a Gargoyle Fighter on July 19, 2023.
             Slain by Edmund
             ... wielding a +5 dire flail of holy wrath
              (9 damage)
             ... on level 5 of the Dungeon.
             The game lasted 00:06:09 (4615 turns).

AdnanSaban the Cudgeller (Gargoyle Fighter)         Turns: 4615, Time: 00:06:10

Health: -4/44      AC: 15    Str: 22    XL:     7   Next: 46%
Magic:  7/7        EV:  9    Int:  8    God:
Gold:   221        SH:  4    Dex:  9    Spells: 6/6 levels left

rFire   . . .        m - +5 club
rCold   . . .        c - +0 buckler
rNeg    + . .        b - +0 scale mail
rPois   ∞            (no helmet)
rElec   +            (no cloak)
rCorr   .            r - +2 pair of gloves
SInv    .            (no boots)
Will    .....        (no amulet) Stlth
                     (no ring)
HPRegen 0.27/turn    (no ring)
MPRegen 0.10/turn

%: no passive effects
@: no status effects
A: sickness immunity, AC +4, negative energy resistance 1, electricity
resistance, torment resistance 1, petrification resistance
a: no special abilities


You were on level 5 of the Dungeon.
You visited 2 branches of the dungeon, and saw 7 of its levels.

You collected 221 gold pieces.

Inventory:

Hand Weapons
 a - a +0 flail
 m - a +5 club (weapon)
Missiles
 n - a throwing net
Armour
 b - a +0 scale mail (worn)
 c - a +0 buckler (worn)
 r - a +2 pair of gloves (worn)
Jewellery
 u - a ring of wizardry
Wands
 o - a wand of polymorph (6)
 q - a wand of acid (2)
Scrolls
 e - 3 scrolls of teleportation {unknown}
 g - 6 scrolls of identify {unknown}
 h - 3 scrolls of blinking {unknown}
 i - a scroll of amnesia {unknown}
 j - a scroll of fear {unknown}
 k - 2 scrolls of enchant armour {unknown}
 l - a scroll of silence {unknown}
 s - a scroll of poison {unknown}
 t - 3 scrolls of vulnerability {unknown}
 v - a scroll of fog {unknown}
Potions
 d - a potion of might
 f - 3 potions of curing {unknown}
 p - a potion of heal wounds {unknown}


   Skills:
 + Level 4.7 Fighting
 + Level 5.5 Maces & Flails
 + Level 5.4 Armour
 + Level 4.5 Shields


You had 6 spell levels left.
You didn't know any spells.
Your spell library contained the following spells:

 Spells                   Type           Power      Damage    Failure   Level
 Lesser Beckoning         Tloc           0%         N/A       89%         2
 Gell's Gravitas          Tloc           0%         N/A       98%         3
 Teleport Other           Tloc           0%         N/A       98%         3


Dungeon Overview and Level Annotations

Branches:
Dungeon (6/15)             Temple (1/1) D:4

Altars:
Ashenzari
Cheibriados
Dithmenos
Elyvilon
Fedhas
Kikubaaqudgha
Makhleb
Ru
Vehumet
Wu Jian
Xom

Shops:
D:4 =**

Annotations:
D:5 Edmund
D:6 Prince Ribbit


Innate Abilities, Weirdness & Mutations

You are immune to sickness and miasma.
Your stone body is resilient. (AC +4)
You are immune to poison.
You resist negative energy. (rN+)
You are resistant to electric shocks. (rElec)
You are resistant to unholy torment.
You are immune to petrification.


Message History

You hit Edmund but do no damage. Edmund hits you but does no damage.
You hit Edmund.
Edmund is lightly wounded.
Edmund hits you but does no damage.
You closely miss Edmund.
Edmund is lightly wounded.
Edmund closely misses you.
You hit Edmund but do no damage.
Edmund is lightly wounded.
Edmund hits you with a +5 dire flail of holy wrath!
You sock Edmund!
Edmund is moderately wounded.
Edmund barely misses you.
You hit Edmund.
Edmund is moderately wounded.
Edmund barely misses you.
You hit Edmund but do no damage.
Edmund is moderately wounded.
Edmund hits you but does no damage.
You hit Edmund.
Edmund is moderately wounded.
Edmund hits you but does no damage.
You thump Edmund!
Edmund is heavily wounded.
You block Edmund's attack. Edmund hits you but does no damage.
You hit Edmund.
Edmund is heavily wounded.
Edmund hits you with a +5 dire flail of holy wrath!
You hit Edmund.
Edmund is severely wounded.
Edmund says, "I'm quite good with sums, too."
Edmund hits you with a +5 dire flail of holy wrath!
* * * LOW HITPOINT WARNING * * *
You barely miss Edmund.
Edmund is severely wounded.
Edmund closely misses you.
You closely miss Edmund.
Edmund is severely wounded.
Edmund hits you with a +5 dire flail of holy wrath!
You die...

#.##............#.
#.##...........###
#.############## #
#.# ## #.#### #.
#.##.######## #.
#.##........## #.
# #@#..........#
## ##
##@...........# #
.########
#..)..........# #
........###
#............## #
..........#
#............# #
..........##
#...........## ###
...........#
#...........# ##..
........####
#..........## #...
#........###
#.........## #...
#..........##
#..#....### #...


You could see Edmund.

Vanquished Creatures
  A black bear (D:4)
  A scorpion (D:6)
  3 hounds
  2 jellies
  A gnoll bouda (D:3)
  An orc priest (D:6)
  A sleepcap (D:5)
  Jessica (D:3)
  An iguana (D:5)
  An orc wizard (D:3)
  4 gnolls (D:4)
  5 adders
  A shadow imp (D:5)
  2 ufetubi (D:5)
  A worm (D:3)
  2 dart slugs
  6 orcs
  3 bats
  5 endoplasms
  2 goblins
  5 hobgoblins
  6 kobolds
  4 quokkas
  6 ball pythons
  A frilled lizard (D:3)
  5 rats
71 creatures vanquished.

Notes
Turn   | Place    | Note
-------+----------+-------------------------------------------
     0 | D:1      | AdnanSaban the Gargoyle Fighter began the quest for the
                  | Orb.
     0 | D:1      | Reached XP level 1. HP: 14/14 MP: 1/1
   420 | D:1      | Reached XP level 2. HP: 18/19 MP: 2/2
  1037 | D:2      | Reached XP level 3. HP: 24/24 MP: 3/3
  1719 | D:3      | Reached XP level 4. HP: 24/29 MP: 4/4
  1879 | D:3      | Found a sacrificial altar of Ru.
  2209 | D:3      | Noticed Jessica
  2215 | D:3      | Killed Jessica
  2350 | D:4      | Found Uwir's General Store.
  2350 | D:4      | Found Biahiss's Assorted Antiques.
  2350 | D:4      | Found Kecacw Mouv's Jewellery Shoppe.
  2397 | D:4      | Reached XP level 5. HP: 33/33 MP: 5/5
  2631 | D:4      | Found a staircase to the Ecumenical Temple.
  2637 | D:4      | You fall into a shaft and drop 2 floors!
  2646 | D:6      | Reached XP level 6. HP: 36/38 MP: 6/6
  2704 | D:6      | Noticed Prince Ribbit
  2862 | D:6      | Noticed Edmund
  2884 | D:5      | Entered Level 5 of the Dungeon
  2915 | D:5      | Reached skill level 5 in Armour
  3037 | D:5      | Found a broken altar of Ashenzari.
  3053 | D:5      | Reached skill level 5 in Maces & Flails
  3132 | D:5      | Reached XP level 7. HP: 44/44 MP: 7/7
  3533 | Temple   | Entered the Ecumenical Temple
  3671 | D:4      | Found a blossoming altar of Fedhas.
  3672 | D:4      | Found an ancient bone altar of Kikubaaqudgha.
  4615 | D:5      | Slain by Edmund

Illustrated notes

Levels and vault maps discovered:
D:1:      noname_arrival_rooms_in_the_neighbourhood, layout_loops_ring,
          serial_co_window_serial, co_window_paths_b, co_window_cross_1,
          co_window_paths_a, co_window_of_opportunity_a,
          co_window_of_opportunity_a, co_window_2corner, co_window_corner_b,
          co_window_broadway_a, co_window_cross_2, co_window_unsneaky_path_c,
          co_window_broadway_b, co_window_of_opportunity_c, glass_columns_a,
          glass_columns_a, glass_columns_a
D:2:      layout_loops_ring
D:3:      layout_basic, mainiacjoe_overflow_24_doors, uniq_jessica
D:4:      layout_loops_ring, grunt_temple_overflow_growth_and_decay,
          minmay_temple_entry_ruins, nicolae_shop_distant_corner_stores
D:5:      layout_cave_pods, evilmike_ruin_ashenzari,
          nicolae_twisty_statue_hallways
D:6:      layout_rooms, mainiacjoe_overflow_alcove_2, small_statue_intersection,
          uniq_duvessa, uniq_edmund, uniq_prince_ribbit1
Temple:   hellmonk_temple_beads

Skill      XL: |  1  2  3  4  5  6 |
---------------+-------------------+-----
Maces & Flails | 3 4 5 |  5.5
Armour         | 4 5 |  5.4
Fighting       | 4 |  4.7
Shields        | 4 |  4.5

Action                     |  1- 3 |  4- 6 |  7- 9 || total
---------------------------+-------+-------+-------++-------
  Melee: Flail             |    98 |    31 |       ||   129
         Club              |       |   120 |    84 ||   204
 Armour: Scale mail        |    47 |    66 |    75 ||   188
  Dodge: Dodged            |    58 |    88 |    50 ||   196
  Block: Buckler           |    23 |    37 |    22 ||    82

Table legend: (Time is in decaauts)
 A = Elapsed time spent in this place.
 B = Non-inter-level travel time spent in this place.
 C = Inter-level travel time spent in this place.
 D = Time resting spent in this place.
 E = Time spent auto-exploring this place.
 F = Levels seen in this place.
 G = Mean time per level.
                   A        B        C        D        E       F      G
               +--------+--------+--------+--------+--------+-----+--------+
         Total |   4678 |   4450 |    228 |    312 |   3338 |   7 |  668.3 |
       Dungeon |   4676 |   4448 |    228 |    312 |   3338 |   6 |  779.3 |
        Temple |      1 |      1 |      0 |      0 |      0 |   1 |    1.0 |
               +--------+--------+--------+--------+--------+-----+--------+

Top non-repeatable levels by time:
     D:5: 1043 daAuts
     D:1: 930 daAuts
     D:3: 857 daAuts
     D:4: 854 daAuts
     D:2: 736 daAuts
     D:6: 253 daAuts
  Temple: 1 daAuts
